Map: Triton LE

Players

ViBE - Winner!

  • Race: Terran Terran
  • League: Diamond
  • Spawn Location: 11:00

euweb

  • Race: Terran Terran
  • League: Diamond
  • Spawn Location: 5:00

VOD

Have the link to the VOD?

Description

Time

  • Played on: Dec. 23, 2019, 3:22 a.m.
  • Length: 27:08
Show
View Real Time Build Order
Export as new Build Order

ViBE Terran - Winner!

Build Orders: Reaper Expand 

Get SALT Encoding   

  12  0:01  SCV  
  13  0:17  SCV  
  14  0:23  Supply Depot  
  14  0:29  SCV  
  15  0:45  SCV  
  15  0:48  Barracks  
  16  0:57  SCV  
  16  0:59  Refinery  
  17  1:09  SCV  
  18  1:21  SCV  
  19  1:37  Orbital Command  
  19  1:49  Reaper  
  20  1:59  Command Center  
  20  2:05  SCV  
  21  2:10  Supply Depot  
  21  2:26  Factory, Refinery  
  21  2:27  SCV  
  21  2:28  Marine  
  22  2:46  Barracks Reactor  
  22  2:49  SCV  
  23  3:02  SCV  
  23  3:11  Hellion  
  23  3:12  Starport  
  24  3:14  SCV  
  24  3:24  Marine x2  
  24  3:26  SCV  
  27  3:42  Factory Tech Lab  
  24  3:51  Marine x2  
  24  3:57  SCV  
  24  4:09  SCV  
  25  4:10  Siege Tank  
  25  4:12  Marine x2  
  25  4:16  Command Center  
  30  4:19  Viking  
  30  4:21  SCV  
  30  4:22  Orbital Command  
  33  4:33  SCV  
  34  4:43  Supply Depot  
  34  4:46  SCV  
  34  4:51  Factory Reactor  
  31  4:54  SCV  
  31  4:58  SCV  
  31  4:59  Raven  
  34  5:07  SCV  
  34  5:10  SCV  
  36  5:14  Marine x2  
  38  5:22  SCV x2, Supply Depot  
  38  5:28  Orbital Command  
  40  5:34  SCV x2  
  42  5:39  Marine x2  
  44  5:46  SCV x2, Supply Depot  
  46  5:58  SCV x2  
  46  5:59  SCV  
  46  6:00  Barracks  
  46  6:01  Barracks  
  49  6:05  Marine  
  49  6:06  Marine  
  49  6:07  Siege Tank  
  49  6:10  SCV x2  
  56  6:11  Medivac  
  56  6:12  Medivac  
  56  6:16  SCV  
  61  6:22  SCV x2  
  63  6:27  Engineering Bay  
  63  6:28  Engineering Bay  
  63  6:29  Orbital Command  
  63  6:33  Supply Depot x2  
  63  6:35  Marine  
  63  6:36  Marine  
  65  6:45  Medivac, Siege Tank  
  65  6:46  Medivac  
  72  6:48  Barracks Tech Lab x2  
  72  6:49  SCV x2  
  74  6:54  Refinery  
  74  6:56  SCV, Refinery  
  75  7:01  SCV  
  75  7:06  Supply Depot  
  75  7:07  Supply Depot  
  76  7:09  Stimpack  
  76  7:10  Marine x3  
  76  7:11  Marine  
  80  7:16  SCV x3  
  83  7:24  Combat Shield  
  83  7:33  SCV  
  83  7:34  SCV x2  
  83  7:35  Sensor Tower  
  86  7:42  Marine x4  
  86  7:43  Siege Tank  
  93  7:46  SCV x3  
  96  7:53  Terran Infantry Weapons Level 1  
  96  7:58  SCV x3  
  99  7:59  Marine  
  99  8:03  Command Center  
  99  8:04  Marine x2  
  99  8:05  Marine  
  103  8:10  SCV x3  
  106  8:18  Terran Infantry Armor Level 1  
  106  8:21  Armory, Viking  
  106  8:22  SCV x2  
  106  8:23  SCV, Marine x2  
  106  8:24  Marine  
  114  8:34  SCV x2, Supply Depot  
  114  8:35  SCV, Supply Depot  
  114  8:37  Supply Depot  
  117  8:46  Refinery  
  117  8:47  Refinery  
  117  8:55  Marine x4, SCV x3  
  124  8:57  Siege Tank  
  124  8:58  Supply Depot x3  
  127  9:07  SCV x3, Barracks  
  127  9:08  Barracks  
  123  9:13  Marine  
  102  9:19  Marine x3, SCV  
  105  9:31  Marine  
  106  9:37  Marine x3, Barracks  
  106  9:38  Barracks x2  
  109  9:39  Terran Vehicle Weapons Level 1  
  109  9:40  SCV x2, Factory  
  109  9:43  Viking  
  109  9:44  Viking  
  109  9:45  Siege Tank  
  118  9:47  SCV  
  118  9:48  Marine  
  118  9:52  SCV x2  
  122  9:54  Command Center  
  122  9:56  Planetary Fortress  
  122  9:59  SCV, Barracks Reactor x2  
  123  10:02  Refinery  
  123  10:04  Refinery  
  123  10:10  Sensor Tower  
  123  10:14  Marine x3  
  123  10:15  Marine  
  123  10:16  Viking x2  
  131  10:23  Factory Tech Lab  
  131  10:24  Barracks Reactor  
  131  10:25  Barracks Reactor  
  131  10:32  Marine x3  
  131  10:33  Marine  
  131  10:35  SCV x2, Terran Infantry Weapons Level 2, Terran Infantry Armor Level 2  
  137  10:36  SCV  
  137  10:37  SCV  
  137  10:40  Supply Depot  
  139  10:47  SCV  
  140  10:50  Marine x2  
  140  10:52  Marine x5  
  140  10:53  Marine  
  140  10:54  Siege Tank x2  
  154  11:07  Marine  
  154  11:08  Marine, Viking  
  154  11:09  Marine, Viking  
  154  11:10  Marine x5, Sensor Tower  
  166  11:26  Barracks  
  166  11:27  Barracks  
  166  11:28  SCV x2  
  166  11:29  Marine x10  
  166  11:31  Marine  
  166  11:32  Marine  
  180  11:47  Marine  
  180  11:49  Marine  
  180  11:50  Marine x10  
  180  11:53  Viking, Siege Tank x2  
  200  11:57  Planetary Fortress  
  199  12:05  Marine  
  200  12:09  Terran Vehicle Weapons Level 2  
  164  12:40  Marine x15  
  164  12:41  Siege Tank  
  164  12:42  Viking x2, Siege Tank  
  148  12:57  Marine  
  148  12:58  Marine x8  
  152  13:03  Marine  
  152  13:04  Marine x2  
  162  13:07  Barracks Reactor x2  
  162  13:08  Barracks Reactor  
  162  13:10  Terran Infantry Armor Level 3, Terran Infantry Weapons Level 3  
  159  13:15  Marine  
  159  13:16  Marine  
  159  13:18  SCV x2  
  159  13:19  SCV x2  
  165  13:24  Command Center  
  165  13:33  Marine, Command Center  
  165  13:34  Marine x11  
  167  13:35  Siege Tank x2  
  167  13:36  Viking  
  183  14:02  Command Center  
  183  14:06  Marine x10  
  183  14:07  Marine x2  
  183  14:09  Siege Tank  
  198  14:10  Viking  
  195  14:42  Starport x2  
  195  14:43  Starport  
  195  14:46  Terran Ship Weapons Level 1  
  195  14:53  Medivac x2  
  195  14:54  Marine  
  200  15:00  Command Center  
  139  15:37  Marine x17  
  139  15:38  Marine  
  139  15:39  Starport Reactor x3  
  151  15:45  Planetary Fortress  
  145  15:52  Siege Tank x2  
  145  15:53  Viking x2  
  145  15:55  Marine x9  
  163  15:58  Planetary Fortress  
  163  16:00  Marine x9  
  170  16:12  Marine  
  170  16:13  Marine x8  
  170  16:16  Viking  
  170  16:17  Viking x5  
  170  16:18  Marine x6  
  191  16:22  Marine x3  
  199  16:30  Marine  
  195  16:57  Viking x3  
  196  17:24  Medivac  
  196  17:25  Medivac x2  
  163  17:41  Marine  
  163  17:42  Marine x17  
  163  17:44  Siege Tank x2  
  176  17:45  Medivac x3, Viking x2  
  177  17:54  Viking  
  177  17:55  Viking  
  175  17:59  Marine x4  
  175  18:00  Marine x5  
  175  18:03  Marine x9  
  169  18:13  Viking  
  169  18:15  Viking x4  
  169  18:16  Siege Tank x2  
  169  18:17  Marine x9  
  194  18:21  Marine x6  
  194  18:25  Terran Ship Weapons Level 2  
  200  18:28  Neosteel Armor, Hi-Sec Auto Tracking  
  200  18:34  Refinery x2  
  200  18:36  Refinery, Orbital Command  
  200  18:37  Refinery  
  200  18:41  Command Center  
  200  19:46  Armory  
  200  19:47  Fusion Core  
  200  19:52  Starport  
  200  19:53  Starport x2  
  200  19:56  Starport x2  
  200  19:58  Starport x2  
  200  20:00  Starport  
  154  20:25  Marine  
  154  20:26  Marine x17  
  154  20:27  Siege Tank x2  
  154  20:28  Viking x8  
  153  20:33  Starport Tech Lab x7  
  152  20:43  Marine x3  
  152  20:44  Marine x9  
  152  20:49  Starport Tech Lab  
  164  20:52  Terran Vehicle And Ship Armor Level 1  
  164  20:53  Terran Ship Weapons Level 3  
  164  20:58  Battlecruiser x6  
  197  21:14  Planetary Fortress  
  197  21:18  Refinery x2  
  197  21:20  Refinery  
  197  21:22  Refinery  
  197  21:24  Command Center  
  197  21:35  Sensor Tower  
  136  22:39  Marine x18  
  136  22:40  Battlecruiser  
  136  22:41  Battlecruiser x7  
  156  22:49  Siege Tank  
  156  22:50  Siege Tank  
  160  22:56  Marine, Terran Vehicle And Ship Armor Level 2  
  160  22:57  Marine x17  
  167  23:14  Marine x5  
  167  23:15  Marine x13  
  156  23:32  Marine x6  
  154  23:45  Battlecruiser x3  
  159  24:04  Marine  
  159  24:05  Marine x15  
  169  24:23  Battlecruiser x4  
  189  24:47  Marine x11  
  141  25:15  Medivac x6  
  141  25:17  Marine x17  
  141  25:18  Factory Tech Lab  
  141  25:19  Siege Tank  
  173  25:34  Marine  
  173  25:35  Marine x3  
  177  25:46  Marine  
  177  25:47  Marine x12  
  177  25:48  Siege Tank  
  193  26:10  Viking x2, Siege Tank  
  200  26:15  Command Center  
  200  26:50  Marine  
Show
View Real Time Build Order
Export as new Build Order

euweb Terran 

Build Orders: 1/1/1, Liberator Opening 

Get SALT Encoding   

  12  0:01  SCV  
  13  0:13  SCV  
  14  0:17  Supply Depot  
  14  0:25  SCV  
  14  0:27  Refinery  
  15  0:39  SCV  
  16  0:44  Barracks  
  16  0:53  SCV  
  17  0:57  Refinery  
  17  1:05  SCV  
  18  1:17  SCV  
  19  1:31  Orbital Command  
  19  1:32  Reaper  
  20  1:41  Factory  
  20  1:50  Supply Depot  
  20  1:57  SCV  
  21  2:04  Reaper  
  22  2:10  SCV  
  23  2:22  SCV  
  24  2:25  Starport  
  24  2:26  Hellion  
  26  2:33  Supply Depot  
  26  2:34  SCV  
  27  2:43  Reaper  
  28  2:47  SCV  
  29  2:56  Command Center  
  28  3:00  Liberator  
  28  3:15  SCV  
  32  3:21  Factory Tech Lab  
  32  3:27  SCV  
  32  3:29  Barracks Reactor  
  33  3:39  SCV  
  33  3:53  SCV  
  31  4:05  SCV  
  31  4:07  Marine x2, Cyclone  
  31  4:08  Medivac  
  39  4:10  Orbital Command  
  39  4:16  Command Center  
  39  4:17  SCV  
  40  4:25  Marine x2  
  40  4:29  SCV  
  43  4:39  Siege Tank  
  43  4:41  SCV  
  43  4:44  SCV  
  48  4:49  Refinery  
  48  4:51  Supply Depot  
  48  4:53  SCV  
  48  4:55  Starport Reactor  
  48  4:56  SCV, Barracks  
  48  4:57  Barracks  
  50  5:01  Marine x2  
  50  5:06  SCV  
  53  5:11  SCV  
  54  5:14  Siege Tank  
  54  5:18  SCV  
  58  5:23  SCV  
  58  5:27  Refinery  
  59  5:28  Marine x2  
  59  5:30  SCV  
  59  5:31  Orbital Command  
  59  5:35  SCV  
  63  5:36  Supply Depot  
  63  5:42  SCV  
  64  5:45  Engineering Bay  
  64  5:46  Barracks Tech Lab, Engineering Bay  
  64  5:47  SCV, Barracks Reactor  
  64  5:48  Siege Tank  
  68  5:50  Medivac  
  68  5:52  Orbital Command  
  68  5:54  SCV  
  71  5:59  SCV, Factory  
  72  6:06  SCV  
  73  6:11  SCV  
  73  6:13  Terran Infantry Weapons Level 1  
  73  6:14  Terran Infantry Armor Level 1  
  73  6:15  Marine x2  
  77  6:18  SCV  
  77  6:20  SCV  
  77  6:23  SCV, Stimpack  
  79  6:30  SCV, Marine x2  
  79  6:32  SCV  
  83  6:35  SCV  
  83  6:38  Marine, Refinery  
  85  6:45  Armory  
  85  6:52  Factory Tech Lab  
  85  7:03  Command Center  
  85  7:08  Sensor Tower  
  85  7:17  Supply Depot  
  85  7:20  SCV x2, Supply Depot, Siege Tank x2  
  85  7:22  Marine x5, Viking  
  93  7:23  SCV  
  93  7:29  Supply Depot  
  101  7:35  Terran Ship Weapons Level 1  
  101  7:38  SCV x3, Viking  
  101  7:40  Marine x3  
  109  7:46  Marine x2  
  109  7:48  Barracks  
  109  7:50  SCV x3  
  109  7:51  Barracks  
  114  7:58  Marine x2  
  114  8:02  SCV x3  
  119  8:06  Marine x3  
  119  8:07  Siege Tank  
  125  8:15  SCV x2, Siege Tank  
  125  8:16  Marine x2, Terran Infantry Weapons Level 2  
  125  8:19  Terran Infantry Armor Level 2  
  132  8:23  Marine  
  132  8:25  Orbital Command  
  133  8:29  SCV x2  
  133  8:32  Supply Depot  
  133  8:33  Supply Depot x2  
  133  8:34  Marine x3  
  136  8:36  Refinery  
  136  8:37  Marauder  
  136  8:39  Barracks Tech Lab  
  136  8:40  Barracks Reactor  
  140  8:53  Marine x4  
  140  8:54  SCV x3, Viking  
  149  8:57  Combat Shield, Marine  
  150  9:06  SCV x2  
  137  9:11  Marine x5  
  137  9:15  Marine  
  128  9:28  Marine  
  128  9:29  Marine x2  
  128  9:30  Marine  
  128  9:31  Marine x3  
  133  9:32  Viking x2  
  133  9:33  Marine, Siege Tank  
  143  9:46  Marine  
  143  9:47  Marine x2  
  143  9:48  Marine  
  143  9:49  Marine  
  143  9:51  Barracks  
  143  9:52  Barracks  
  148  9:54  Starport  
  148  9:55  Sensor Tower, Starport  
  148  9:56  Siege Tank  
  148  9:57  SCV  
  148  9:58  SCV x2, Fusion Core  
  154  10:00  SCV  
  154  10:03  Refinery, Command Center  
  154  10:05  Refinery  
  154  10:06  Marine  
  156  10:07  Marine x3  
  156  10:09  Marine x4, SCV  
  156  10:11  Terran Ship Weapons Level 2  
  164  10:18  Concussive Shells  
  164  10:27  Supply Depot x2  
  164  10:29  Supply Depot  
  164  10:31  Liberator  
  164  10:34  Liberator  
  164  10:43  Barracks Reactor x2  
  164  10:46  Supply Depot  
  164  10:47  Starport Reactor  
  164  10:48  Marine x4, SCV x4, Starport Reactor, Advanced Ballistics, Marauder  
  164  10:49  Marauder  
  179  10:55  Marine x2  
  184  10:58  Supply Depot  
  184  11:00  SCV x4, Terran Infantry Weapons Level 3  
  184  11:02  Terran Infantry Armor Level 3  
  188  11:08  Marine, Command Center  
  188  11:10  Marauder  
  191  11:12  SCV x3  
  194  11:19  Planetary Fortress  
  194  11:27  Supply Depot  
  194  11:28  Supply Depot  
  194  11:31  Viking  
  196  11:34  Viking  
  196  11:39  Viking  
  198  12:16  Marine  
  198  12:17  Marine  
  186  12:38  Marine x5  
  186  12:40  Viking x4  
  186  12:41  Viking x2  
  175  12:45  Marine  
  175  12:46  Marine  
  175  12:50  Marine x2  
  162  12:57  Siege Tank  
  159  13:00  Terran Ship Weapons Level 3  
  156  13:06  Starport, Planetary Fortress  
  156  13:08  Starport  
  156  13:10  Viking x5  
  156  13:11  Viking  
  168  13:18  Marine x3  
  168  13:19  Marine  
  172  13:28  Siege Tank  
  172  13:29  Marine x2, Siege Tank  
  172  13:30  Marine x3  
  172  13:32  Liberator x4  
  183  13:40  Medivac x2  
  187  13:50  Starport Reactor x2  
  198  14:14  Marine x2  
  197  14:48  Siege Tank  
  200  15:23  Liberator x4  
  193  15:32  Marine x3  
  138  15:41  Marine x3  
  146  15:43  Siege Tank x2  
  146  15:44  SCV x3  
  155  15:55  Marine x2  
  154  16:00  Marine  
  154  16:01  Marine  
  154  16:02  SCV x2  
  156  16:14  SCV x2  
  156  16:15  Siege Tank x2  
  156  16:17  Viking  
  156  16:18  Viking x3  
  172  16:24  Viking x3  
  172  16:25  Viking x2  
  182  16:27  Terran Vehicle And Ship Armor Level 1  
  182  16:32  Refinery  
  182  16:34  Command Center  
  182  16:39  Refinery  
  182  16:47  Siege Tank  
  182  16:48  Siege Tank  
  176  16:58  Marine x5  
  176  16:59  Marine x6  
  177  17:03  Marine  
  177  17:05  Viking x4  
  177  17:06  Viking  
  177  17:07  Viking x5  
  192  17:16  Marine x2  
  192  17:19  Siege Tank  
  192  17:20  Siege Tank  
  179  17:35  Viking  
  167  17:39  Marine  
  167  17:40  Marine x3  
  159  17:44  Marine x5  
  159  17:50  Marine x2  
  159  17:51  Marine, Siege Tank  
  165  17:53  Siege Tank  
  165  17:57  Marine x2  
  165  17:58  Marine x2  
  157  18:02  Marine x4  
  157  18:03  Marine  
  136  18:08  Marine x3  
  126  18:12  SCV  
  126  18:13  SCV x3  
  126  18:15  Marine x4  
  126  18:19  Marine  
  133  18:20  Marine x3  
  133  18:21  Marine  
  133  18:22  Factory x2  
  133  18:23  Siege Tank  
  133  18:25  SCV, Siege Tank  
  133  18:26  Marine x3, Refinery  
  133  18:27  Command Center  
  148  18:33  Marine x4  
  148  18:34  Viking x3, Terran Vehicle Weapons Level 1  
  152  18:35  Viking x5  
  152  18:37  Marine  
  152  18:38  Marine x3  
  152  18:39  Marine  
  173  18:44  Marine x3  
  173  18:47  SCV x2  
  178  18:51  Marine x4  
  178  18:55  Marine x2, Siege Tank  
  185  18:56  Marine  
  185  18:57  Siege Tank  
  185  18:58  Marine x2, Sensor Tower  
  185  19:01  SCV, Marine  
  185  19:02  SCV x3, Marine x2  
  200  19:04  Refinery  
  200  19:13  Marine  
  198  19:21  Marine x2  
  195  19:24  Marine  
  195  19:25  Marine  
  195  19:26  Marine x2  
  195  19:27  Marine x2  
  195  19:30  Marine  
  198  19:33  Marine x3  
  192  19:39  Marine x2  
  192  19:42  Marine x2  
  192  19:44  Marine x4  
  200  19:51  Planetary Fortress  
  146  20:22  Marine x3  
  146  20:26  Marine x4  
  117  20:29  Marine x4  
  117  20:30  Marine  
  109  20:40  Marine x3  
  108  20:44  Marine x4  
  108  20:47  Marine x5, Viking  
  108  20:48  Viking x8  
  108  20:49  Terran Vehicle And Ship Armor Level 2  
  135  20:55  SCV x2  
  137  20:57  Marine  
  137  20:58  Marine x2  
  137  21:02  Marine x4  
  144  21:05  Marine x5  
  149  21:15  Marine x2  
  149  21:16  Marine  
  149  21:17  Viking  
  149  21:18  Viking x5, Command Center  
  162  21:19  Marine  
  162  21:20  Marine x3  
  162  21:22  Marine  
  162  21:23  Marine x4  
  173  21:33  Marine x2  
  173  21:38  Command Center  
  175  21:40  Marine x4  
  175  21:46  Marine x2  
  181  21:53  Marine x2  
  181  21:54  Marine  
  184  21:58  Marine  
  184  21:59  Marine x6  
  191  22:06  Marine  
  191  22:08  Viking x2  
  196  22:26  Viking x2  
  169  22:41  Marine x2  
  150  22:48  Medivac x5  
  160  23:00  Marine x8  
  168  23:12  Marine x2  
  167  23:13  Marine x2  
  171  23:22  Marine x3  
  134  23:30  Marine x4  
  134  23:31  Marine  
  139  23:39  Marine  
  139  23:40  Marine x2  
  142  23:42  Marine  
  120  24:09  Viking x2  
  114  24:23  Marine x6  
  120  24:25  Marine  
  120  24:26  Marine  
  120  24:37  Marine x4  
  124  24:40  Marine  
  120  24:53  Marine x7  
  127  25:04  Marine x3  
  127  25:05  Marine  
  110  25:13  Marine  
  110  25:14  Marine x4  
  104  25:17  Marine  
  104  25:18  Marine  
  104  25:20  Marine  
  111  25:22  Marine  
  111  25:27  Marine  
  113  25:29  Marine x2  
  113  25:31  Marine  
  113  25:32  Marine x2  
  118  25:38  Marine  
  118  25:39  Marine  
  120  25:44  Marine x3  
  123  25:53  Marine x2  
  123  25:55  Marine x4  
  123  25:57  Marine x2  
  131  26:14  Marine  
  128  26:19  Marine  
  128  26:20  Marine x2  
  128  26:21  Marine  
  128  26:22  Marine x7  
  139  26:33  Marine  
  139  26:37  Marine x2  
  139  26:39  Marine  
  143  26:40  Marine x4  
Tags
 
Add a new tag
Caveats
  • Supply blocks, unpowered buildings, or Contaminate may cause inaccurate times.
  • Supply counts are checked every 10 seconds.